 Dungeon Crawl Stone Soup version 0.29.1-4-g47bece8355 (webtiles) character file.

Game seed: 10349682156754085224

1005 FexLirch the Skirmisher (level 8, -1/61 HPs)
             Began as a Meteoran Hunter on Dec 6, 2022.
             Was an Initiate of Ashenzari.
             Slain by Pikel
             ... wielding a +1 whip of freezing
              (5 damage)
             ... on level 5 of the Dungeon.
             The game lasted 00:24:31 (2305 turns).

FexLirch the Skirmisher (Meteoran Hunter)           Turns: 2305, Time: 00:24:32

Health: -1/61      AC:  7    Str: 12    XL:     8   Next: 72%
Magic:  9/9        EV: 12    Int: 18    God:    Ashenzari [......]
Gold:   336        SH:  0    Dex: 20    Spells: 4/7 levels left

rFire   . . .      SeeInvis .   p - +6 sling of the Grave {flame, Fragile rPois rCorr Int+7}
rCold   . . .      Faith    .   (no shield)
rNeg    . . .      Spirit   .   c - +0 leather armour
rPois   +          Reflect  .   (no helmet)
rElec   .          Harm     .   (no cloak)
rCorr   +          Rampage  .   d - +0 pair of gloves
Will    +....                   f - +2 pair of boots
Stlth   +.........              (no amulet)
HPRegen 0.20/turn               (no ring)
MPRegen 0.11/turn               (no ring)

@: glowing
A: sense surroundings 1, otherworldly, glowing, explore regen
a: Renounce Religion, Curse Item


You were on level 5 of the Dungeon.
You worshipped Ashenzari.
Ashenzari was noncommittal.
You visited 2 branches of the dungeon, and saw 7 of its levels.
You also visited: Ossuary.

You collected 432 gold pieces.
You spent 96 gold pieces at shops.

Inventory:

Hand Weapons
 a - a +0 shortbow
 j - a +1 vorpal morningstar
 l - the +7 mace of Ecossosch {protect, Will+ Str+3}
   (You found it on level 2 of the Dungeon)

   It grants its wielder temporary protection when it strikes (+7 to AC).
   Str:       It affects your strength (+3).
   Will:      It increases your willpower.
 p - the +6 sling of the Grave (weapon) {flame, Fragile rPois rCorr Int+7}
   (You found it on level 3 of the Dungeon)

   Any ammunition fired from it burns those it strikes, dealing additional fire
   damage.
   Int:       It affects your intelligence (+7).
   rPois:     It protects you from poison.
   rCorr:     It protects you from acid and corrosion.
   Fragile:   It will be destroyed if unequipped.
Armour
 c - a +0 leather armour (worn)
 d - a +0 pair of gloves (worn)
 f - a +2 pair of boots (worn)
Wands
 n - a wand of polymorph (7)
Scrolls
 b - a scroll of immolation
 e - a scroll of butterflies
 k - 2 scrolls of amnesia
 m - a scroll of brand weapon
 o - 2 scrolls of teleportation
 r - a scroll of noise
 v - a scroll of enchant weapon {unknown}
 w - a scroll of identify
 x - a scroll of acquirement {unknown}
Potions
 g - 2 potions of lignification
 h - 2 potions of haste
 i - 4 potions of curing
 q - a potion of flight {unknown}
 s - 4 potions of mutation
 t - 2 potions of attraction {unknown}
 u - a potion of heal wounds {unknown}
 z - a potion of berserk rage {unknown}


   Skills:
 - Level 2.1 Fighting
 - Level 2.1 Maces & Flails
 + Level 10.8 Ranged Weapons
 - Level 2.4 Dodging
 - Level 0.6 Stealth


You had 4 spell levels left.
You knew the following spells:

 Your Spells              Type           Power      Damage    Failure   Level
a - Swiftness             Air            0%         N/A       63%         3

Your spell library contained the following spells:

 Spells                   Type           Power      Damage    Failure   Level
 Ensorcelled Hibernation  Hex/Ice        0%         N/A       38%         2
 Passwall                 Tmut/Erth      0%         N/A       38%         2


Dungeon Overview and Level Annotations

Branches:
Dungeon (6/15) Zot: 1481   Temple (1/1) D:5 Zot: 598 Ossuary (visited)

Altars:
Ashenzari
Cheibriados
Elyvilon
Hepliaklqana
Kikubaaqudgha
Nemelex Xobeh
Okawaru
The Shining One

Shops:
D:1 ?

Annotations:
D:5 Pikel


Innate Abilities, Weirdness & Mutations

You passively map a small area around you.
You are easily found by Zot.
You glow in the dark.
You regain HP and MP as you explore.


Message History

Pikel freezes you.
Fire: p) +6 sling of the Grave {flame, Fragile rPois rCorr Int+7}
Press: ? - help, Q - select action, (/) - cycle Shift-Dir - straight line, f/p - ice beast
Aim: an ice beast (almost dead, 71% to hit)
You shoot a sling bullet. The sling bullet hits Pikel.
The sling bullet burns Pikel.
Pikel is severely wounded.
Pikel hits you with a +1 whip of freezing!
Pikel freezes you.
* * * LOW HITPOINT WARNING * * *
Fire: p) +6 sling of the Grave {flame, Fragile rPois rCorr Int+7}
Press: ? - help, Q - select action, (/) - cycle Shift-Dir - straight line, f/p - ice beast
Aim: an ice beast (almost dead, 71% to hit)
You shoot a sling bullet. The sling bullet misses Pikel.
The sling bullet completely misses the ice beast.
Pikel barely misses you.
Unknown command.
Okay, then.
Unknown command.
Okay, then.
Unknown command.
Unknown command.
Pikel attacks as you move away!
Pikel hits you with a +1 whip of freezing.
* * * LOW HITPOINT WARNING * * *
Pikel freezes you.
* * * LOW HITPOINT WARNING * * *
Press: ? - help, v - describe, . - travel
Here: Pikel, wielding a +1 whip of freezing and wearing a +0 robe (severely wounded)
The floor, spattered with blood.
Fire: p) +6 sling of the Grave {flame, Fragile rPois rCorr Int+7}
Press: ? - help, Q - select action, (/) - cycle Shift-Dir - straight line, f - Pikel, p - ice beast
Aim: Pikel, wielding a +1 whip of freezing and wearing a +0 robe (severely wounded, 66% to hit)
You shoot a sling bullet. The sling bullet hits Pikel.
The sling bullet burns Pikel.
Pikel is almost dead.
Pikel hits you with a +1 whip of freezing!
* * * LOW HITPOINT WARNING * * *
Pikel freezes you.
You die...

, #....#.#.#####[##....> , ,
#..#...#.#####[##..#.. ........#
##..#..............#.. ........#
##.....######.....### ........##
#...### #..#..... .<........
....# #..##.... ........#
*###..## #..##..#. ........#
##)..# ##.....### ....^.†.#
#..@.######...##.# °.......#
####K.........##.## ^.5.....##
#5###...#..##..# .^.......#
##Y....#....###.# .........#
###...#####.#.###.## ^.^......#
##...#..#**.......... ^^.......#
#..####..##.#).......
.^..^...#####.## #..#.##.......
..^^..........#######.#.##.......


You could see Pikel, an ice beast and a lemure.

Vanquished Creatures
  2 sky beasts
  A lemure (D:5)
  2 elf zombies (Ossuary)
  A howler monkey (D:5)
  4 hounds (D:4)
  A human zombie (Ossuary)
  3 orc priests (D:5)
  4 iguanas
  2 orc wizards (D:5)
  2 hound zombies (Ossuary)
  5 mummies
  4 gnolls (D:4)
  3 adders
  2 ufetubi (D:5)
  2 adder zombies (Ossuary)
  A worm (D:3)
  A dart slug (D:5)
  9 orcs
  7 ball pythons
  6 endoplasms
  2 giant cockroaches
  5 goblins
  6 hobgoblins
  8 jackals
  3 kobolds
  3 quokkas
  4 bats (D:2)
  A frilled lizard (D:1)
  A jackal zombie (Ossuary)
  2 kobold zombies (Ossuary)
  An orc zombie (Ossuary)
  5 rats
  A rat zombie (Ossuary)
104 creatures vanquished.

Notes
Turn   | Place    | Note
-------+----------+-------------------------------------------
     0 | D:1      | FexLirch the Meteoran Hunter began the quest for the Orb.
     0 | D:1      | Reached XP level 1. HP: 17/17 MP: 2/2
   104 | D:1      | Found Heorainun's Magic Scroll Boutique.
   112 | D:1      | Bought a scroll of identify for 24 gold pieces
   135 | D:1      | Reached XP level 2. HP: 24/24 MP: 3/3
   321 | D:1      | Reached skill level 5 in Ranged Weapons
   487 | D:1      | Reached XP level 3. HP: 26/29 MP: 4/4
   487 | D:1      | Glimpsed the power of Zot.
   505 | D:1      | Bought 3 scrolls of identify for 72 gold pieces
   720 | D:2      | Found an ancient bone altar of Kikubaaqudgha.
   721 | D:2      | Identified the +7 mace of Ecossosch {protect, Will+ Str+3}
   742 | D:2      | Reached skill level 1 in Maces & Flails
   913 | D:2      | Reached XP level 4. HP: 36/36 MP: 5/5
  1081 | D:3      | Found a faded altar of an unknown god.
  1084 | D:3      | Identified the +6 sling of the Grave {flame, Fragile rPois
                  | rCorr Int+7}
  1124 | D:3      | You fall into a shaft and drop 2 floors!
  1124 | D:5      | Entered Level 5 of the Dungeon
  1190 | D:4      | Found a broken altar of Ashenzari.
  1211 | D:4      | Became a worshipper of Ashenzari the Shackled
  1236 | D:4      | Reached skill level 6 in Ranged Weapons
  1236 | D:4      | Reached XP level 5. HP: 41/41 MP: 6/6
  1332 | D:4      | Reached skill level 7 in Ranged Weapons
  1332 | D:4      | Reached XP level 6. HP: 22/48 MP: 7/7
  1460 | D:4      | Found a sand-covered staircase.
  1475 | Ossuary  | Entered an ossuary
  1520 | Ossuary  | Reached XP level 7. HP: 27/55 MP: 8/8
  1527 | Ossuary  | Reached skill level 8 in Ranged Weapons
  1776 | D:4      | Reached skill level 9 in Ranged Weapons
  1906 | D:5      | Learned a level 3 spell: Swiftness
  1935 | D:5      | Reached XP level 8. HP: 61/61 MP: 9/9
  1973 | D:5      | Found a staircase to the Ecumenical Temple.
  1992 | Temple   | Entered the Ecumenical Temple
  2041 | D:6      | Reached skill level 10 in Ranged Weapons
  2267 | D:5      | Noticed Pikel
  2305 | D:5      | Slain by Pikel

Illustrated notes

Levels and vault maps discovered:
D:1:      lemuel_arrival_tunnels, layout_loops_ring, serial_shops,
          nicolae_shop_crystal
D:2:      minmay_general_purpose_star, layout_basic, serial_shops, shop,
          basic_altar
D:3:      minmay_skewed_foursquare, layout_basic, jmf_multi_god_temple,
          nicolae_overflow_hallway_of_the_gods, serial_corexii_hall,
          corexii_hall_statues_i, chequers_hall_statues_corner_a,
          corexii_hall_statues_i, chequers_hall_statues_y,
          hellmonk_ecumenical_altar_lost_god, minmay_unequal
D:4:      layout_basic, nicolae_ashenzari_panopticon, gup_ossuary_entry_pyramid
D:5:      layout_rooms, temple_pool_b, minmay_holes, uniq_pikel
D:6:      layout_cave_pods
Temple:   nicolae_temple_two_arcs

Skill      XL: |  1  2  3  4  5  6  7  8 |
---------------+-------------------------+-----
Ranged Weapons | 5 6 7 9 10 | 10.8
Maces & Flails | 1 2 |  2.1
Fighting       | |  2.1
Dodging        | |  2.4
Stealth        | |  0.6

Action                   |  1- 3 |  4- 6 |  7- 9 || total
-------------------------+-------+-------+-------++-------
Melee: Mace              |     3 |     4 |       ||     7
 Fire: Shortbow          |    69 |     9 |       ||    78
       Sling             |       |    80 |   123 ||   203
  Use: Scroll            |     4 |     5 |     3 ||    12
       Potion            |     1 |       |       ||     1
Armor: Leather armour    |    21 |    69 |    21 ||   111
Dodge: Dodged            |    28 |    79 |    21 ||   128
